 Dungeon Crawl Stone Soup version 0.31-a0-237-g2d982f9f85 (webtiles) character file.

Game seed: 6678470124159191249

37 qw the Shooter (level 3, -4/29 HPs)
             Began as a Minotaur Hexslinger on July 11, 2023.
             Slain by Robin
             ... wielding a +0 whip
              (5 damage)
             ... on level 2 of the Dungeon.
             The game lasted 00:00:17 (864 turns).

qw the Shooter (Minotaur Hexslinger)                 Turns: 864, Time: 00:00:17

Health: -4/29      AC:  5    Str: 12    XL:     3   Next: 21%
Magic:  3/3        EV: 11    Int: 10    God:
Gold:   59         SH:  0    Dex: 14    Spells: 3/4 levels left

rFire   . . .        Y - +1 sling
rCold   . . .        (no shield)
rNeg    . . .        f - +0 ring mail
rPois   .            (helmet restricted)
rElec   .            (no cloak)
rCorr   .            (no gloves)
SInv    .            (no boots)
Will    .....        (no amulet)
Stlth   +            (no ring)
HPRegen 0.24/turn    (no ring)
MPRegen 0.08/turn

%: no passive effects
@: no status effects
A: horns 2, retaliatory headbutt
a: no special abilities


You were on level 2 of the Dungeon.
You visited 1 branch of the dungeon, and saw 2 of its levels.

You collected 59 gold pieces.


Innate Abilities, Weirdness & Mutations

You have a pair of horns on your head.
You reflexively headbutt those who attack you in melee.


   Skills:
 - Level 2.0 Fighting
 + Level 3.8 Ranged Weapons
 - Level 2.1 Dodging
 - Level 1.0 Spellcasting
 - Level 2.0 Hexes


You had 3 spell levels left.
You knew the following spells:

 Your Spells              Type           Power      Damage    Failure   Level
a - Slow                  Hex            16%        N/A       34%         1

Your spell library contained the following spells:

 Spells                   Type           Power      Damage    Failure   Level
 Inner Flame              Hex/Fire       2%         N/A       83%         3
 Portal Projectile        Hex/Tloc       4%         N/A       83%         3
 Cause Fear               Hex            2%         N/A       98%         4

Inventory:

Hand Weapons
 Y - a +1 sling (weapon)
Armour
 f - a +0 ring mail (worn)
Potions
 d - a potion of curing {unknown}

Dungeon Overview and Level Annotations

Branches:
Dungeon (2/15)

Altars:

Annotations:
D:2 Robin


Message History

The hobgoblin hits you but does no damage.
The goblin hits you with a +4 vampiric dagger.
You shoot a sling bullet. The sling bullet hits the hobgoblin.
The hobgoblin is severely wounded.
The goblin no longer looks unusually strong.
The hobgoblin barely misses you. The goblin misses you.
You furiously retaliate!
You headbutt the goblin. You shoot a sling bullet.
The sling bullet completely misses the hobgoblin.
The sling bullet hits the hobgoblin.
The hobgoblin is moderately wounded.
The hobgoblin no longer looks unusually strong.
The hobgoblin hits you. The goblin hits you but does no damage.
You shoot a sling bullet.
The sling bullet hits the hobgoblin but does no damage.
The hobgoblin is severely wounded.
The hobgoblin no longer looks unusually strong.
The hobgoblin hits you but does no damage.
The goblin hits you with a +4 vampiric dagger. x2
The goblin draws strength from your wounds!
The hobgoblin hits you but does no damage.
Robin roars a battlecry!
The goblins go into a battle-frenzy!
You shoot a sling bullet.
The sling bullet barely misses the hobgoblin.
The sling bullet hits the hobgoblin.
You kill the hobgoblin!
The goblin barely misses you. The hobgoblin closely misses you.
You shoot a sling bullet.
The sling bullet closely misses the hobgoblin.
The sling bullet hits the goblin!
You kill the goblin!
The goblin misses you. The hobgoblin closely misses you.
You shoot a sling bullet. The sling bullet hits the hobgoblin.
You kill the hobgoblin!
The goblin closely misses you. Robin throws the goblin at you!
You shoot a sling bullet.
The sling bullet closely misses the goblin.
Robin hits you with a +0 whip.
You die...

###### #.<..#
#....# #....#
#....# #....#
#....##########
##....g@)).....
#######g......
.###### )# ..
.. ... .##


You could see Robin and a goblin (strong).

Vanquished Creatures
  A dart slug (D:1)
  An endoplasm (D:1)
  A giant cockroach (D:1)
  12 goblins
  6 hobgoblins
  3 kobolds (D:1)
  2 bats (D:1)
  A frilled lizard (D:1)
  4 rats (D:1)
31 creatures vanquished.

Notes
Turn   | Place    | Note
-------+----------+-------------------------------------------
     0 | D:1      | qw the Minotaur Hexslinger began the quest for the Orb.
     0 | D:1      | Reached XP level 1. HP: 16/16 MP: 1/1
     0 | D:1      | 0 ||| qw: Version: 0.3-a-52-g30416fa
     0 | D:1      | 0 ||| qw: Game counter: 5821
     0 | D:1      | 0 ||| qw: Melee chars always use a shield: true
     0 | D:1      | 0 ||| qw: God list: Okawaru
     0 | D:1      | 0 ||| qw: Allow faded altars: false
     0 | D:1      | 0 ||| qw: Do Orc after clearing Dungeon:15 true
     0 | D:1      | 0 ||| qw: Do second Lair branch before Depths: true
     0 | D:1      | 0 ||| qw: Lair rune preference: random
     0 | D:1      | 0 ||| qw: Goals: Normal
     0 | D:1      | 0 ||| PLANNING D:1-11
   227 | D:1      | Reached skill level 3 in Ranged Weapons
   271 | D:1      | Reached XP level 2. HP: 23/23 MP: 2/2
   786 | D:1      | 786 ||| UPGRADING to +0 ring mail.
   796 | D:1      | 796 ||| DROPPING +0 robe.
   797 | D:1      | 797 ||| READING scroll labelled COQAQO OTAO.
   798 | D:1      | 798 ||| DROPPING scroll of poison.
   845 | D:2      | Identified the +0 helmet of Inference {rElec}
   845 | D:2      | Noticed Robin
   852 | D:2      | Reached XP level 3. HP: 25/29 MP: 3/3
   860 | D:2      | HP: 4/29 [goblin/+4 vampiric dagger[Robin] (5)]
   863 | D:2      | HP: 1/29 [Robin/goblin (2)]
   864 | D:2      | Slain by Robin

Levels and vault maps discovered:
D:1:      minmay_arrival_pointy, layout_loops_ring
D:2:      layout_basic, uniq_crazy_yiuf_cottage, uniq_robin

Skill      XL: |  1  2 |
---------------+-------+-----
Ranged Weapons | 3 |  3.8
Fighting       | 2 |  2.0
Dodging        | |  2.1
Spellcasting   | |  1.0
Hexes          | |  2.0

Action                     || total
---------------------------++-------
   Fire: Sling             ||    68
    Use: Scroll            ||     1
 Armour: Ring mail         ||    10
         Robe              ||     1
  Dodge: Dodged            ||    23

Table legend:
 A = Non-vault XP
 B = Vault XP
 C = Vault XP percentage of total XP
 D = Non-vault monster count
 E = Vault monster count
 F = Vault count percentage of total count
                 A         B        C        D         E       F
            +---------+---------+-------+---------+---------+-------
      Total |      36 |      17 |  32.1 |      21 |      10 |  32.3
            +---------+---------+-------+---------+---------+-------
        D:1 |      36 |       0 |   0.0 |      21 |       0 |   0.0
        D:2 |       0 |      17 | 100.0 |       0 |      10 | 100.0
            +---------+---------+-------+---------+---------+-------
